 Dungeon Crawl Stone Soup version 0.31-a0-152-g6aa68a64a1 (webtiles) character file.

Game seed: 3693171814046021248

217 qw the Shooter (level 5, 0/49 HPs)
             Began as a Naga Hunter on June 10, 2023.
             Engulfed by a steam dragon's steam (5 damage)
             ... on level 4 of the Dungeon.
             The game lasted 00:00:48 (2186 turns).

qw the Shooter (Naga Hunter)                        Turns: 2186, Time: 00:00:49

Health: 0/49       AC:  8    Str: 13    XL:     5   Next: 94%
Magic:  5/5        EV:  9    Int: 10    God:
Gold:   156        SH:  0    Dex: 16    Spells: 4/4 levels left

rFire   . . .        Y - +0 shortbow
rCold   . . .        (shield currently unavailable)
rNeg    . . .        c - +0 leather armour
rPois   +            (no helmet)
rElec   .            g - +0 cloak
rCorr   .            (no gloves)
SInv    +            (no barding)
Will    .....        (no amulet)
Stlth   ++           f - +4 ring of protection
HPRegen 0.28/turn    (no ring)
MPRegen 0.09/turn

%: no passive effects
@: short of breath, very slow
A: AC +1, large, see invisible, deformed body, poison resistance, slowness 2,
spit poison 1, naga tail 1
a: Spit Poison


You were on level 4 of the Dungeon.
You visited 1 branch of the dungeon, and saw 4 of its levels.

You collected 156 gold pieces.


Innate Abilities, Weirdness & Mutations

Your serpentine skin is tough. (AC +1)
You have supernaturally acute eyesight. (SInv)
Armour fits poorly on your strangely shaped body.
Your system is resistant to poisons. (rPois)
You cover ground very slowly.
You can spit poison.
You have a snake-like lower body.


   Skills:
 - Level 3.0 Fighting
 + Level 5.9 Ranged Weapons
 - Level 1.5 Dodging
 - Level 1.5 Stealth


You had 4 spell levels left.
You didn't know any spells.
Your spell library was empty.

Inventory:

Hand Weapons
 Y - a +0 shortbow (weapon)
Armour
 c - a +0 leather armour (worn)
 g - a +0 cloak (worn)
 n - a +0 pair of gloves
Jewellery
 f - a +4 ring of protection (left hand)
 j - a ring of ice
 l - a ring of magical power
Scrolls
 e - a scroll of identify
 m - a scroll of magic mapping {unknown}
Potions
 a - a potion of mutation
 b - a potion of enlightenment {unknown}
 d - a potion of haste
 h - a potion of ambrosia {unknown}
 i - a potion of cancellation {unknown}
 k - 2 potions of heal wounds {unknown}

Dungeon Overview and Level Annotations

Branches:
Dungeon (4/15)
 Temple: D:4-7

Altars:


Message History

The phantom hits you but does no damage.
You shoot an arrow. The arrow hits the phantom.
The phantom is lightly damaged.
You have got your breath back.
The adder bites you but does no damage. x2; The phantom hits you.
2179 ||| INVOKING Spit Poison.
Aiming: Spit Poison (1% risk of failure)
Press: ? - help, Shift-Dir - straight line, f - adder, p - phantom The splash of poison hits the adder!
The adder is almost dead.
The adder bites you but does no damage. The phantom barely misses you.
You shoot an arrow. The arrow hits the adder.
You kill the adder!
The phantom barely misses you.
You shoot an arrow. The arrow barely misses the phantom.
The phantom barely misses you.
You shoot an arrow.
The arrow hits the phantom but does no damage.
You have got your breath back.
The phantom barely misses you.
A jelly comes into view.
A steam dragon comes into view.
2183 ||| INVOKING Spit Poison.
Aiming: Spit Poison (1% risk of failure)
Press: ? - help, Shift-Dir - straight line, f - steam dragon, p - phantom The splash of poison misses the steam dragon.
The phantom hits you.
You shoot an arrow. The steam dragon hisses angrily.
The arrow hits the phantom.
The phantom is lightly damaged.
The phantom barely misses you. The steam dragon breathes steam at you.
The ball of steam hits you.
You shoot an arrow. The arrow hits the phantom.
The phantom is moderately damaged.
You are engulfed in a cloud of scalding steam.
The phantom hits you but does no damage.
You shoot an arrow. The arrow misses the phantom.
You are engulfed in a cloud of scalding steam.
You die...

########### #.........#
#.........# #.........#
. #.. #...).....# ...
##..######.........#.¤..
..................¤.D...
.#...#####.....W@¤.#
....## #...#####)......
#...###...# .###.#.
#...%##...# .#
.##.#...#...# ..
.#...)#.....# ##
......####.## ......#
#.# .#....# #.### ..##


You could see a steam dragon and a phantom.

Vanquished Creatures
  A howler monkey (D:4)
  7 gnolls
  5 adders
  An ufetubus (D:4)
  A worm (D:2)
  4 dart slugs
  4 endoplasms
  A giant cockroach (D:3)
  4 goblins
  3 hobgoblins
  4 quokkas
  3 ball pythons
  3 bats (D:2)
  5 frilled lizards
  4 kobolds
  6 rats
56 creatures vanquished.

Notes
Turn   | Place    | Note
-------+----------+-------------------------------------------
     0 | D:1      | qw the Naga Hunter began the quest for the Orb.
     0 | D:1      | Reached XP level 1. HP: 19/19 MP: 1/1
     0 | D:1      | 0 ||| qw: Version: 0.2-a-122-gbc61b45
     0 | D:1      | 0 ||| qw: Game counter: 3576
     0 | D:1      | 0 ||| qw: Always use a shield: true
     0 | D:1      | 0 ||| qw: God list: Okawaru
     0 | D:1      | 0 ||| qw: Allow faded altars: false
     0 | D:1      | 0 ||| qw: Do Orc after D:15 true
     0 | D:1      | 0 ||| qw: Do second Lair branch before Depths: true
     0 | D:1      | 0 ||| qw: Lair rune preference: random
     0 | D:1      | 0 ||| qw: Plans: Normal
     0 | D:1      | 0 ||| PLANNING D:1-11
    38 | D:1      | 38 ||| INVOKING Spit Poison.
    77 | D:1      | 77 ||| INVOKING Spit Poison.
   202 | D:1      | 202 ||| INVOKING Spit Poison.
   260 | D:1      | 260 ||| INVOKING Spit Poison.
   399 | D:1      | 399 ||| INVOKING Spit Poison.
   428 | D:1      | 428 ||| INVOKING Spit Poison.
   431 | D:1      | Reached skill level 4 in Ranged Weapons
   431 | D:1      | Reached XP level 2. HP: 26/26 MP: 2/2
   456 | D:1      | 456 ||| INVOKING Spit Poison.
   589 | D:1      | 589 ||| UPGRADING to +4 ring of protection.
   590 | D:1      | 590 ||| READING scroll labelled OGOEFF JIFAEJ.
   591 | D:1      | 591 ||| READING scroll labelled CEESIG AGROTE.
   592 | D:1      | 592 ||| READING scroll labelled LAOPPU SUNOCVU.
   593 | D:1      | 593 ||| DROPPING scroll of butterflies.
   612 | D:2      | 612 ||| INVOKING Spit Poison.
   669 | D:2      | 669 ||| INVOKING Spit Poison.
   708 | D:2      | 708 ||| INVOKING Spit Poison.
   713 | D:2      | 713 ||| INVOKING Spit Poison.
   717 | D:2      | 717 ||| INVOKING Spit Poison.
   721 | D:2      | Reached XP level 3. HP: 32/32 MP: 3/3
   747 | D:2      | 747 ||| INVOKING Spit Poison.
   758 | D:2      | 758 ||| INVOKING Spit Poison.
   762 | D:2      | 762 ||| INVOKING Spit Poison.
   767 | D:2      | 767 ||| INVOKING Spit Poison.
   872 | D:2      | 872 ||| INVOKING Spit Poison.
   885 | D:2      | 885 ||| INVOKING Spit Poison.
  1062 | D:2      | 1062 ||| INVOKING Spit Poison.
  1063 | D:2      | 1063 ||| INVOKING Spit Poison.
  1129 | D:2      | 1129 ||| INVOKING Spit Poison.
  1295 | D:2      | 1295 ||| UPGRADING to +0 cloak.
  1300 | D:2      | 1300 ||| READING scroll labelled YFUTAUTESE.
  1301 | D:2      | 1301 ||| DRINKING 2 coppery potions.
  1328 | D:3      | 1328 ||| INVOKING Spit Poison.
  1329 | D:3      | Reached skill level 5 in Ranged Weapons
  1352 | D:3      | Reached XP level 4. HP: 39/39 MP: 4/4
  1380 | D:3      | 1380 ||| INVOKING Spit Poison.
  1471 | D:3      | 1471 ||| INVOKING Spit Poison.
  1528 | D:3      | 1528 ||| INVOKING Spit Poison.
  1698 | D:3      | 1698 ||| INVOKING Spit Poison.
  1701 | D:3      | 1701 ||| INVOKING Spit Poison.
  1780 | D:3      | 1780 ||| INVOKING Spit Poison.
  1783 | D:3      | 1783 ||| INVOKING Spit Poison.
  1873 | D:3      | 1873 ||| INVOKING Spit Poison.
  1878 | D:3      | 1878 ||| INVOKING Spit Poison.
  1883 | D:3      | 1883 ||| INVOKING Spit Poison.
  1884 | D:3      | Reached skill level 3 in Fighting
  1926 | D:3      | 1926 ||| INVOKING Spit Poison.
  2020 | D:3      | 2020 ||| READING 2 scrolls of identify.
  2020 | D:3      | 2020 ||| IDENTIFYING murky puce potion
  2035 | D:4      | 2035 ||| INVOKING Spit Poison.
  2067 | D:4      | 2067 ||| INVOKING Spit Poison.
  2122 | D:4      | 2122 ||| INVOKING Spit Poison.
  2127 | D:4      | 2127 ||| INVOKING Spit Poison.
  2128 | D:4      | Reached XP level 5. HP: 49/49 MP: 5/5
  2132 | D:4      | 2132 ||| INVOKING Spit Poison.
  2155 | D:4      | 2155 ||| INVOKING Spit Poison.
  2161 | D:4      | 2161 ||| INVOKING Spit Poison.
  2168 | D:4      | 2168 ||| INVOKING Spit Poison.
  2172 | D:4      | 2172 ||| INVOKING Spit Poison.
  2173 | D:4      | Noticed a phantom
  2175 | D:4      | 2175 ||| INVOKING Spit Poison.
  2179 | D:4      | 2179 ||| INVOKING Spit Poison.
  2182 | D:4      | Noticed a steam dragon
  2183 | D:4      | 2183 ||| INVOKING Spit Poison.
  2184 | D:4      | HP: 7/49 [something/ball of steam (6)]
  2186 | D:4      | Engulfed by a steam dragon's steam

Levels and vault maps discovered:
D:1:      lightli_arrival_noodles, layout_basic, minmay_splitting_lines,
          minmay_crystal_room, serial_park_tiny_1
D:2:      layout_basic
D:3:      layout_loops_ring
D:4:      layout_basic, uniq_eustachio

Skill      XL: |  1  2  3  4 |
---------------+-------------+-----
Ranged Weapons | 4 5 |  5.9
Fighting       | 3 |  3.0
Dodging        | |  1.5
Stealth        | |  1.5

Action                     |  1- 3 |  4- 6 || total
---------------------------+-------+-------++-------
   Fire: Shortbow          |    61 |    54 ||   115
Ability: Spit Poison       |    21 |    23 ||    44
    Use: Scroll            |     4 |     1 ||     5
         Potion            |     1 |       ||     1
 Armour: Leather armour    |     6 |    17 ||    23
  Dodge: Dodged            |    12 |    20 ||    32

Table legend:
 A = Non-vault XP
 B = Vault XP
 C = Vault XP percentage of total XP
 D = Non-vault monster count
 E = Vault monster count
 F = Vault count percentage of total count
                 A         B        C        D         E       F
            +---------+---------+-------+---------+---------+-------
      Total |     310 |       0 |   0.0 |      56 |       0 |   0.0
            +---------+---------+-------+---------+---------+-------
        D:1 |      12 |       0 |   0.0 |       9 |       0 |   0.0
        D:2 |      68 |       0 |   0.0 |      22 |       0 |   0.0
        D:3 |      77 |       0 |   0.0 |      14 |       0 |   0.0
        D:4 |     153 |       0 |   0.0 |      11 |       0 |   0.0
            +---------+---------+-------+---------+---------+-------
